 Dungeon Crawl Stone Soup version 0.32-a0-732-ga344392 (webtiles) character file.

Game seed: 9464911499740481099

105401 Geeful the Fighter (level 15, -4/139 HPs)
             Began as a Yellow Draconian Conjurer on Feb 6, 2024.
             Was an Initiate of Vehumet.
             Shot with an arrow by Nessos (6 damage)
             ... on level 15 of the Dungeon on Mar 16, 2024.
             The game lasted 02:14:44 (26046 turns).

Geeful the Fighter (Yellow Draconian Conjurer)     Turns: 26046, Time: 02:14:45

Health: -4/139     AC: 21    Str: 12    XL:     15   Next: 94%
Magic:  14/31      EV: 20    Int: 25    God:    Vehumet [......]
Gold:   847        SH:  5    Dex: 10    Spells: 23/38 levels left

rFire   . . .        a - +10 hand axe "Giantslayer" {protect, rC+ rN+}
rCold   + . .        Q - orb {*channel}
rNeg    + . .        (body armour unavailable)
rPois   .            D - +2 hat
rElec   .            L - +2 cloak
rCorr   +            p - +0 pair of gloves {infuse}
SInv    .            n - +1 pair of boots of Gravity {Str+2}
Will    +....        N - amulet of reflection
Stlth   ++           k - +4 ring of protection
HPRegen 0.43/turn    R - +5 ring of evasion
MPRegen 0.22/turn

%: reflection, channel magic (20%), infuse magic (1 MP)
@: lethally poisoned (-4 -> -35), studying Fighting
A: caustic breath, AC +9, unfitting armour, acidic bite, cold-blooded, acid
resistance, passive freeze, noise suppression
a: Caustic Breath, Renounce Religion


You were on level 15 of the Dungeon.
You worshipped Vehumet.
Vehumet was noncommittal.
You visited 4 branches of the dungeon, and saw 23 of its levels.
You also visited: Trove and Bailey.

You collected 2894 gold pieces.
You spent 2047 gold pieces at shops.

Inventory:

Hand Weapons
 a - the +10 hand axe "Giantslayer" (weapon) {protect, rC+ rN+}
   (You found it on level 2 of the Dungeon)

   rC+:       It protects you from cold.
   rN+:       It protects you from negative energy.
 h - the +2 hand axe "Wimokk" {spect, rF+}
   (You found it on level 9 of the Dungeon)

   rF+:       It protects you from fire.
Missiles
 o - 4 throwing nets (quivered)
Armour
 n - the +1 pair of boots of Gravity (worn) {Str+2}
   (You found it on level 9 of the Dungeon)

   Str+2:     It affects your strength (+2).
 p - a +0 pair of gloves of infusion (worn)
 D - a +2 hat (worn)
 L - a +2 cloak (worn)
 Q - an orb of energy (worn)
Magical Staves
 b - a staff of cold
Jewellery
 g - a ring of protection from cold
 k - a +4 ring of protection (left hand)
 l - a ring of protection from fire
 q - a +4 ring of protection
 r - a ring of willpower
 u - a ring of see invisible
 A - a ring of flight
 I - a ring of poison resistance
 N - an amulet of reflection (around neck)
 R - a +5 ring of evasion (right hand)
 T - a ring of protection from cold
 U - a ring of magical power
 Y - a ring of wizardry
Wands
 j - a wand of roots (4)
 t - a wand of flame (32)
 M - a wand of charming (25)
 O - a wand of mindburst (5)
 X - a wand of acid (4)
Scrolls
 c - 3 scrolls of poison
 d - a scroll of fear
 m - 8 scrolls of enchant armour
 x - 2 scrolls of fog
 y - 9 scrolls of teleportation
 C - a scroll of revelation
 E - a scroll of amnesia
 F - 2 scrolls of blinking
 V - 3 scrolls of immolation
Potions
 e - 5 potions of magic
 f - 13 potions of curing
 i - 3 potions of brilliance
 s - 2 potions of invisibility
 w - 4 potions of haste
 z - 3 potions of might
 B - a potion of berserk rage
 K - a potion of cancellation
 P - 4 potions of attraction
 S - a potion of heal wounds
 W - 3 potions of ambrosia


   Skills:
 + Level 14.9 Fighting
 + Level 12.3 Dodging
 - Level 1.7 Stealth
 + Level 12.3 Spellcasting
 + Level 13.7 Conjurations
 - Level 4.0 Translocations
 + Level 12.0 Ice Magic
 - Level 4.0 Air Magic


You had 23 spell levels left.
You knew the following spells:

 Your Spells              Type           Power      Damage    Failure   Level
a - Magic Dart            Conj           100%       1d8       1%          1
b - Searing Ray           Conj           100%       2d8       1%          2
c - Ozocubu's Armour      Ice            66%        N/A       1%          3
d - Iskenderun's Mystic   Conj/Tloc      56%        2d12      5%          4
e - Freezing Cloud        Conj/Ice/Air   30%        6-21      8%          5

Your spell library contained the following spells:

 Spells                   Type           Power      Damage    Failure   Level
 Iskenderun's Battlesphe  Conj           71%        2d12      3%          5
 Ensorcelled Hibernation  Hex/Ice        90%        N/A       3%          2
 Dazzling Flash           Conj/Hex       98%        N/A       4%          3
 Fulminant Prism          Conj/Alch      24%        3d12      9%          4
 Metabolic Englaciation   Hex/Ice        22%        N/A       22%         5
 Call Canine Familiar     Summ           15%        N/A       28%         3
 Confusing Touch          Hex            15%        N/A       28%         3
 Fugue of the Fallen      Necr           15%        N/A       28%         3
 Anguish                  Hex/Necr       7%         N/A       58%         4
 Sculpt Simulacrum        Ice/Alch       22%        N/A       67%         6
 Monstrous Menagerie      Summ           7%         N/A       100%        7
 Animate Armour           Summ/Erth      Unusable   N/A       N/A         4

Dungeon Overview and Level Annotations

Branches:
Dungeon (15/15)            Temple (1/1) D:5            Lair (5/5) D:9
  Swamp (0/4) Lair:3       Spider (0/4) Lair:2        Slime (0/5) Lair:4
    Orc (2/2) D:9             Elf (0/3) Orc:2        Vaults (0/5) D:14
 Bailey (visited)
 Depths: D:15

Altars:
Ashenzari
Cheibriados
Dithmenos
Elyvilon
Fedhas
Gozag
Hepliaklqana
Kikubaaqudgha
Makhleb
Nemelex Xobeh
Okawaru
Qazlal
Ru
Sif Muna
Trog
Uskayaw
Vehumet
Wu Jian
Xom
Yredelemnul
Zin
The Shining One
Beogh
Jiyva

Shops:
D:4 [   D:5 *   D:6 (:   D:7 (!   D:9 (   Orc:1 (:(=   Orc:2 (!**

Annotations:
D:5 exclusion: downstairs
D:15 Nessos


Innate Abilities, Weirdness & Mutations

You can breathe corrosive fumes.
Your golden yellow scales are hard. (AC +9)
You cannot fit into any form of body armour.
You have acidic saliva.
You are cold-blooded and may be slowed by cold attacks.
You are resistant to acid. (rCorr)
A frigid envelope surrounds you and freezes all who hurt you.
You passively dampen the noise of your surroundings.


Message History

You are more poisoned.
Nessos is engulfed in freezing vapours.
Nessos casts a spell.
Nessos blinks!
Casting: Freezing Cloud (dangerous; 8% risk of failure)
Confirm with . or Enter, or press ? or * to list all spells.
Aiming: Freezing Cloud (dangerous; 8% risk of failure)
Press: ? - help, Dir - move target, f/p - Nessos
Aim: Nessos, wielding a +3 longbow of flaming and wearing a +1 barding of cold resistance (almost dead, fast)
You feel extremely sick.
Nessos is engulfed in freezing vapours.
Nessos mumbles some strange words.
Nessos blinks!
Nessos shoots an arrow.
The arrow hits you. The arrow burns you.
You are more poisoned.
Casting: Freezing Cloud (dangerous; 8% risk of failure)
Confirm with . or Enter, or press ? or * to list all spells.
Aiming: Freezing Cloud (dangerous; 8% risk of failure)
Press: ? - help, Dir - move target, p - Nessos Magical energy flows into your mind!
You feel extremely sick.
Nessos is engulfed in freezing vapours.
Nessos shoots an arrow.
The arrow hits you! The arrow burns you.
Nessos is engulfed in freezing vapours.
Nessos shoots an arrow.
The arrow hits you!
* * * LOW HITPOINT WARNING * * *
The arrow burns you.
You are lethally poisoned!
* * * LOW HITPOINT WARNING * * *
* * * LOW HITPOINT WARNING * * *
You feel extremely sick.
Nessos is engulfed in freezing vapours. x2
Nessos gestures wildly while chanting.
Nessos blinks!
* * * LOW HITPOINT WARNING * * *
You feel extremely sick.
Nessos shoots an arrow.
The arrow hits you!
* * * LOW HITPOINT WARNING * * *
The arrow burns you.
You are more poisoned.
You die...

############..###########
#..# #..#
############..##########
..)...................=.
.......#.#..............
...... #..............
###... #.....#...#######
....##
+####.#..@######### ....
#......)§§§§§.. ####
#.#####§§§§§§.. #.
#.§§§.§.. + #..§§.c..
#.§§§§§§. #..§§§§§. ###
...§§§§§. ... ##...§§..


You could see Nessos (fast).

Vanquished Creatures
  An orc warlord (Bailey)
  Harold (D:9)
  4 vault guards (D:14)
  2 ogre magi (D:14)
  6 hydras
  A merfolk avatar (Lair:5)
  3 catoblepae
  5 centaur warriors
  3 boulder beetles
  2 tengu warriors (D:14)
  10 death yaks (Lair:5)
  An orc high priest (Orc:2)
  Urug (D:13)
  2 skysharks
  A fire crab (Lair:5)
  A sea snake (Lair:5)
  A bog body (Lair:3)
  4 harpies (Lair:5)
  2 deep elf pyromancers
  A necromancer (D:15)
  5 orc knights
  Pikel (D:7)
  4 oklob plants (Lair:1)
  2 wolf spiders (Lair:5)
  3 cyclopes
  3 manticores
  8 ugly things
  A salamander (Lair:4)
  17 elephants
  8 kobold blastminers
  6 black mambas
  2 unseen horrors
  2 torpor snails (Lair:4)
  2 gargoyles
  19 cane toads
  12 komodo dragons
  3 yaktaurs (D:14)
  6 rime drakes
  A tengu conjurer (D:14)
  A troll (shapeshifter) (D:14)
  10 hornets
  A troll (Orc:1)
  2 polar bears
  Grinder (D:3)
  6 dream sheep
  20 blink frogs
  A wind drake (Lair:5)
  6 slime creatures (D:13)
  A snapping turtle (Lair:5)
  A jumping spider (Lair:2)
  A vampire (D:10)
  8 wyverns
  A yak (shapeshifter) (D:14)
  3 culicivoras (Lair:2)
  3 basilisks
  2 wargs (Orc:2)
  63 yaks
  2 humans (D:14)
  4 steam dragons
  9 vampire mosquitoes
  13 water moccasins
  2 acid dragons
  A swamp worm (Lair:3)
  Duvessa (D:4)
  2 ice beasts (D:6)
  29 orc warriors
  2 sky beasts
  5 black bears
  4 ogres
  15 wolves
  24 centaurs
  A lemure (D:7)
  3 phantoms
  4 kobold brigands
  Blork the orc (D:6)
  18 bullfrogs
  A wyvern zombie (D:7)
  A gnoll sergeant (D:10)
  2 scorpions
  10 wights
  Dowan (D:4)
  2 electric eels (Lair:3)
  A bullfrog zombie (D:7)
  3 howler monkeys
  A lava snake (Lair:4)
  2 bombardier beetles
  2 centaur zombies (D:7)
  2 hounds (D:5)
  4 jellies
  A gnoll bouda (D:7)
  15 orc priests
  4 iguanas
  2 sleepcaps
  10 orc wizards
  A killer bee zombie (D:7)
  14 gnolls
  5 adders
  A white imp (D:8)
  2 ribbon worms
  2 dart slugs
  39 orcs
  11 endoplasms
  5 giant cockroaches
  11 goblins
  10 hobgoblins
  35 kobolds
  5 quokkas
  8 ball pythons
  3 bats
  2 frilled lizards (D:2)
  6 rats
652 creatures vanquished.

Vanquished Creatures (collateral kills)
  Fannar (D:10)
  An orc priest (D:10)
2 creatures vanquished.

Grand Total: 654 creatures vanquished

Notes
Turn   | Place    | Note
-------+----------+-------------------------------------------
     0 | D:1      | Geeful the Draconian Conjurer began the quest for the Orb.
     0 | D:1      | Reached XP level 1. HP: 14/14 MP: 3/3
   310 | D:1      | Reached XP level 2. HP: 22/22 MP: 0/5
   427 | D:1      | Learned a level 2 spell: Searing Ray
   469 | D:1      | Reached skill level 1 in Fighting
   832 | D:1      | Reached XP level 3. HP: 27/28 MP: 6/6
  1149 | D:2      | Identified the +10 hand axe "Giantslayer" {protect, rC+
                  | rN+}
  1165 | D:2      | Gained mutation: You passively dampen the noise of your
                  | surroundings. [potion of mutation]
  1165 | D:2      | Gained mutation: A frigid envelope surrounds you and
                  | freezes all who hurt you. [potion of mutation]
  1613 | D:2      | Reached XP level 4. HP: 36/36 MP: 1/7
  1699 | D:2      | Reached skill level 2 in Fighting
  2208 | D:3      | Noticed Grinder
  2212 | D:3      | Paralysed by Grinder for 5 turns
  2221 | D:3      | Killed Grinder
  2222 | D:3      | Reached skill level 3 in Fighting
  2222 | D:3      | Reached skill level 5 in Conjurations
  2222 | D:3      | Reached XP level 5. HP: 28/45 MP: 0/10
  2222 | D:3      | Reached XP level 6. HP: 32/51 MP: 0/11
  2438 | D:3      | Found an iron altar of Okawaru.
  2439 | D:3      | Found a shadowy altar of Dithmenos.
  2440 | D:3      | Found a broken altar of Ashenzari.
  2789 | D:3      | Found a faded altar of an unknown god.
  3001 | D:3      | Identified a scroll of acquirement
  3001 | D:3      | Acquired 735 gold pieces
  3428 | D:4      | Your scales start taking on a golden yellow colour.
  3428 | D:4      | Reached XP level 7. HP: 58/58 MP: 12/12
  3428 | D:4      | Gained mutation: You are resistant to acid. (rCorr) [Yellow
                  | Draconian growth]
  3435 | D:4      | Reached skill level 4 in Fighting
  3579 | D:4      | Noticed Dowan
  3602 | D:4      | Noticed Duvessa
  3616 | D:4      | Killed Duvessa
  3626 | D:4      | Killed Dowan
  3704 | D:4      | Found Fynki's Antique Armour Boutique.
  3714 | D:4      | Bought a glowing scarf for 136 gold pieces
  3714 | D:4      | Bought an embroidered scarf for 136 gold pieces
  3895 | D:5      | Entered Level 5 of the Dungeon
  4155 | D:5      | Found a staircase to the Ecumenical Temple.
  4163 | Temple   | Entered the Ecumenical Temple
  4183 | Temple   | Became a worshipper of Vehumet
  4219 | D:5      | Found Zin's Purification Station.
  4219 | D:5      | Found a glowing silver altar of Zin.
  4236 | D:5      | Reached XP level 8. HP: 67/67 MP: 14/14
  4319 | D:5      | Reached skill level 5 in Fighting
  4530 | D:6      | Reached skill level 5 in Spellcasting
  4627 | D:6      | Reached skill level 5 in Dodging
  4723 | D:6      | Found Muotwiar's Self-Published Books.
  4791 | D:6      | Noticed Blork the orc
  4797 | D:6      | Killed Blork the orc
  4804 | D:6      | Found Qimm's Hydra Hut.
  4805 | D:6      | Noticed a five-headed hydra
  4887 | D:6      | Learned a level 3 spell: Ozocubu's Armour
  5185 | D:6      | Upgraded the game from 0.32-a0-119-g2e8054a to
                  | 0.32-a0-306-gfed3edf
  5288 | D:7      | Reached skill level 1 in Ice Magic
  5294 | D:7      | Reached skill level 6 in Fighting
  5338 | D:7      | Noticed Pikel
  5346 | D:7      | Killed Pikel
  5346 | D:7      | Reached * piety under Vehumet
  5346 | D:7      | Offered knowledge of Sandblast by Vehumet.
  5347 | D:7      | Reached XP level 9. HP: 63/75 MP: 14/17
  5553 | D:7      | Found Tyluap's Weapon Shoppe.
  5922 | D:7      | Found Ihougov's Distillery.
  6133 | D:7      | Offered knowledge of Momentum Strike by Vehumet.
  6134 | D:7      | Reached skill level 7 in Fighting
  6155 | D:7      | Reached ** piety under Vehumet
  6704 | D:8      | Reached XP level 10. HP: 81/86 MP: 19/19
  6749 | D:8      | Paralysed by a hornet for 3 turns
  7120 | D:8      | Upgraded the game from 0.32-a0-306-gfed3edf to
                  | 0.32-a0-314-g526f7d4
  7165 | D:9      | Offered knowledge of Mephitic Cloud by Vehumet.
  7178 | D:9      | Identified the +1 pair of boots of Gravity {Str+2}
  7381 | D:9      | Found a flagged portal.
  7385 | D:9      | Identified the +2 hand axe "Wimokk" {spect, rF+}
  7391 | Bailey   | Entered a bailey
  7401 | Bailey   | Learned a level 4 spell: Iskenderun's Mystic Blast
  7446 | Bailey   | Noticed an orc warlord
  7560 | Bailey   | Found a runed translucent gate.
  7563 | Bailey   | Found a runed translucent gate.
  7569 | Bailey   | Found a runed translucent gate.
  7901 | Bailey   | Killed an orc warlord
  7902 | Bailey   | Reached skill level 8 in Fighting
  7902 | Bailey   | Reached skill level 1 in Translocations
  7938 | Bailey   | Reached skill level 9 in Fighting
  7938 | Bailey   | Reached XP level 11. HP: 36/97 MP: 20/23
  8165 | D:9      | Found a staircase to the Lair.
  8507 | D:9      | Found a staircase to the Orcish Mines.
  8551 | D:9      | Found Vunereom's Weapon Shoppe.
  8592 | D:9      | Noticed Harold
  8608 | D:9      | Killed Harold
  8707 | D:9      | Found an ornate altar of the Wu Jian Council.
  8724 | D:10     | Entered Level 10 of the Dungeon
  8798 | D:10     | Noticed Fannar
  8862 | D:10     | Killed Fannar
  9028 | D:10     | Reached XP level 12. HP: 106/106 MP: 24/24
  9409 | D:6      | Bought the Folio of Perplexing Participles for 408 gold
                  | pieces
  9415 | D:6      | Learned a level 5 spell: Freezing Cloud
  9583 | D:11     | Noticed a boulder beetle
  9781 | D:11     | Killed a boulder beetle
  9782 | D:11     | Reached skill level 10 in Conjurations
  9809 | D:11     | Reached *** piety under Vehumet
  9810 | D:11     | Reached skill level 1 in Air Magic
 10264 | D:11     | Reached skill level 10 in Fighting
 10927 | D:12     | Noticed a centaur warrior
 10933 | D:12     | Killed a centaur warrior
 11104 | D:12     | Noticed a boulder beetle
 11104 | D:12     | You fall into a shaft and drop 1 floor!
 11118 | D:13     | Noticed Urug
 11124 | D:13     | Killed Urug
 11124 | D:13     | Offered knowledge of Flame Wave by Vehumet.
 11376 | D:12     | Killed a boulder beetle
 11797 | D:13     | Noticed an eight-headed hydra
 11801 | D:13     | Killed a seven-headed hydra
 11914 | D:13     | Noticed a centaur warrior
 11922 | D:13     | Killed a centaur warrior
 12769 | Lair:1   | Entered Level 1 of the Lair of Beasts
 12821 | Lair:1   | Reached **** piety under Vehumet
 12889 | Lair:1   | Reached XP level 13. HP: 64/115 MP: 22/26
 12889 | Lair:1   | Offered knowledge of Lee's Rapid Deconstruction by Vehumet.
 13344 | Lair:1   | Reached skill level 11 in Fighting
 14343 | Lair:1   | Got the Vellum of Calling
 15148 | Lair:1   | Upgraded the game from 0.32-a0-314-g526f7d4 to
                  | 0.32-a0-351-gc6a9d31
 15237 | Lair:1   | Reached skill level 10 in Spellcasting
 15425 | Lair:1   | Reached skill level 10 in Dodging
 15687 | Lair:2   | Found a hole to the Spider Nest.
 15694 | Lair:2   | Reached ***** piety under Vehumet
 15915 | Lair:2   | Offered knowledge of Plasma Beam by Vehumet.
 16123 | Lair:2   | Paralysed by a hornet for 2 turns
 16400 | Lair:2   | Reached skill level 12 in Fighting
 16534 | Lair:2   | Identified the +0 chain mail of Immorality {rPois rF- Str+5
                  | Stlth+}
 16779 | Lair:3   | Gained mutation: You have acidic saliva. [Yellow Draconian
                  | growth]
 16779 | Lair:3   | Reached XP level 14. HP: 126/126 MP: 28/28
 16791 | Lair:3   | Found a staircase to the Swamp.
 18238 | Lair:4   | Reached skill level 10 in Ice Magic
 18893 | Lair:4   | Found a viscous altar of Jiyva.
 18929 | Lair:4   | Offered knowledge of Irradiate by Vehumet.
 18992 | Lair:4   | Found a staircase to the Slime Pits.
 19742 | Lair:5   | Entered Level 5 of the Lair of Beasts
 20187 | Lair:5   | Reached skill level 13 in Fighting
 20665 | Lair:5   | Reached XP level 15. HP: 136/136 MP: 19/30
 21199 | Lair:5   | Offered knowledge of Conjure Ball Lightning by Vehumet.
 21897 | Orc:1    | Entered Level 1 of the Orcish Mines
 21898 | Orc:1    | Found Misosiy's Weapon Shop.
 21928 | Orc:1    | Found a roughly hewn altar of Beogh.
 21936 | Orc:1    | Found Keecses's Book Shoppe.
 21988 | Orc:1    | Found Ecwegesipn's Jewellery Boutique.
 21990 | Orc:1    | Bought a manual of Fighting for 880 gold pieces
 22119 | Orc:2    | Entered Level 2 of the Orcish Mines
 23040 | Orc:2    | Reached skill level 14 in Fighting
 23280 | Orc:1    | Found Rojuetewk's Weapon Boutique.
 23717 | Orc:2    | Found a staircase to the Elven Halls.
 23777 | Orc:2    | Found Xecwasu's Distillery.
 23777 | Orc:2    | Found Yfastrea's Assorted Antiques.
 23779 | Orc:2    | Found Wisengam's General Store.
 23781 | Orc:2    | Found Afrokhlo's Weapon Emporium.
 23786 | Orc:2    | Bought a viscous blue potion for 31 gold pieces
 23786 | Orc:2    | Bought a pair of glowing gloves for 262 gold pieces
 23800 | Orc:2    | Bought a scroll of blinking for 97 gold pieces
 23800 | Orc:2    | Bought a scroll of revelation for 97 gold pieces
 24670 | D:14     | Found a gate to the Vaults.
 25090 | D:14     | Offered knowledge of Iskenderun's Battlesphere by Vehumet.
 25106 | D:14     | Found a portal to a secret trove of treasure.
 25111 | D:14     | Upgraded the game from 0.32-a0-351-gc6a9d31 to
                  | 0.32-a0-732-ga344392
 25125 | Trove    | Entered a treasure trove
 25129 | Trove    | Identified the amulet "Ihois" {Spirit rF+ Regen+ Int-4}
 25148 | Trove    | Identified the ring "Zegairyme" {+Blink Will- Str+3 Int-2
                  | Slay+4}
 25150 | Trove    | Identified the amulet of Ecobyib {Spirit Str+3}
 25153 | Trove    | Identified the ring "Bujuinug" {rF+ rN+ Will+ Int-3 Dex+6}
 25160 | Trove    | Identified the ring of Hospitality {^Drain Fly Will+ Int+4
                  | Dex+4}
 25670 | D:15     | Entered Level 15 of the Dungeon
 26030 | D:15     | Noticed Nessos
 26046 | D:15     | HP: 2/139 [Nessos/arrow (17)]
 26046 | D:15     | Shot with an arrow by Nessos

Illustrated notes

Levels and vault maps discovered:
D:1:      lemuel_arrival_muddy, layout_basic
D:2:      layout_loops_cross, chequers_serial_rivers_marsh,
          chequers_mini_garden, minmay_three_crescents
D:3:      layout_loops_corners, gammafunk_temple_overflow_claw,
          hellmonk_ecumenical_altar_inner_sanctum, uniq_grinder
D:4:      layout_cave_pools, serial_shops, shop, uniq_duvessa
D:5:      layout_layer_cave, zin_purify, minmay_temple_entry_drinking_statues
D:6:      layout_rooms, hex_large, nicolae_custom_books, doesnt_shop_hydraphobe,
          uniq_blork_the_orc
D:7:      layout_gridville, serial_undead, serial_undead_b, serial_undead_f,
          serial_undead_e, serial_undead_f, serial_shops, shop, shop,
          corner_web_ring, uniq_pikel
D:8:      layout_rooms
D:9:      layout_roguey, lemuel_coloured_pillars_altar, minmay_lair_entry_grove,
          orc_0_dummy, enter_bailey_2, serial_shops, shop_coins, uniq_harold
D:10:     layout_cave_pools, uniq_fannar
D:11:     layout_basic
D:12:     layout_cave_pools
D:13:     layout_loops_corners, uniq_urug
D:14:     layout_loops_ring, grunt_vaults_entry_fortified,
          trove_entry_hex_spiral, amethyst_killhole, kennysheep_dice
D:15:     hangedman_depths_entry_civil_slaughter, layout_long_grid, uniq_kirke,
          uniq_roxanne, uniq_nessos
Temple:   nicolae_temple_bog_church
Lair:1:   minmay_lair_oklob_tunnel, layout_regular_city,
          nicolae_quartered_pool_super, grunt_megastairs_1
Lair:2:   layout_loops_ring, nicolae_spider_entry_tight_spaces,
          dreamdust_wasp_nest, serial_bayou_shore_b, grunt_megastairs_2
Lair:3:   layout_cave_pods, nicolae_swamp_entry_splash_gauntlet
Lair:4:   layout_gridlike, slime_entry_2, hangedman_lair_generics_rect,
          infiniplex_staircase_pool
Lair:5:   gammafunk_lair_ancient_temple, layout_cave_pods,
          nicolae_lair_run_with_the_wolves, grunt_megastairs_3
Orc:1:    layout_diamond_mine, basic_altar, serial_shops,
          nicolae_shop_statue_plus, nicolae_shop_pleasant_corner_grove, shop,
          nicolae_shop_bloodbath_and_beyond
Orc:2:    st_orc_rangers, layout_caves, regret_index_minedec_guest_junction

Skill      XL: |  1  2  3  4  5  6  7  8  9 10 11 12 13 14 15 |
---------------+----------------------------------------------+-----
Dodging        | 2 3 4 5 6 7 8 9 10 11 12 | 12.3
Fighting       | 1 3 4 6 7 9 10 12 13 14 | 14.9
Spellcasting   | 3 4 5 6 8 9 10 11 12 | 12.3
Conjurations   | 5 6 7 8 9 10 11 12 13 | 13.7
Ice Magic      | 2 4 6 8 9 10 12 | 12.0
Translocations | 4 |  4.0
Air Magic      | 4 |  4.0
Stealth        | |  1.7

Action                     |  1- 3 |  4- 6 |  7- 9 | 10-12 | 13-15 || total
---------------------------+-------+-------+-------+-------+-------++-------
  Melee: Unarmed           |     6 |       |       |       |       ||     6
         Dagger            |    38 |       |       |       |       ||    38
         Tailslap          |     4 |     3 |    16 |    71 |   171 ||   265
         Hand axe          |    20 |    34 |   160 |   375 |   865 ||  1454
         Punch             |       |     2 |     1 |       |       ||     3
         Long sword        |       |       |       |     1 |       ||     1
         Bite              |       |       |       |       |    78 ||    78
  Throw: Throwing net      |       |       |       |     3 |       ||     3
   Cast: Magic Dart        |    31 |    18 |    26 |    22 |     9 ||   106
         Searing Ray       |     4 |    10 |    11 |    12 |    20 ||    57
         Ozocubu's Armour  |       |       |       |     3 |     4 ||     7
         Iskenderun's Myst |       |       |       |     4 |     3 ||     7
         Freezing Cloud    |       |       |       |     3 |   128 ||   131
Ability: Caustic Breath    |       |       |     1 |     2 |     1 ||     4
  Evoke: Wand              |       |       |     4 |     8 |     1 ||    13
    Use: Potion            |     2 |       |       |     4 |     2 ||     8
         Scroll            |       |     5 |       |    14 |    12 ||    31
   Stab: Sleeping          |     1 |     1 |       |     1 |     4 ||     7
         Held in net/web   |       |       |       |     1 |       ||     1
         Distracted        |       |       |       |       |     2 ||     2
 Armour: Skin              |    30 |    19 |   142 |   385 |   750 ||  1326
  Dodge: Dodged            |    62 |    22 |   130 |   364 |  1101 ||  1679
  Block: Other             |       |       |       |    35 |       ||    35
         Reflection        |       |       |       |     7 |       ||     7

Table legend: (Time is in decaauts)
 A = Elapsed time spent in this place.
 B = Non-inter-level travel time spent in this place.
 C = Inter-level travel time spent in this place.
 D = Time resting spent in this place.
 E = Time spent auto-exploring this place.
 F = Levels seen in this place.
 G = Mean time per level.
                   A        B        C        D        E       F      G
               +--------+--------+--------+--------+--------+-----+--------+
         Total |  26604 |  25578 |   1026 |   3268 |  15923 |  25 | 1064.2 |
       Dungeon |  14232 |  13585 |    647 |   1552 |   9072 |  15 |  948.8 |
        Temple |     35 |     21 |     14 |      0 |      0 |   1 |   35.0 |
          Lair |   9430 |   9176 |    254 |   1051 |   5873 |   5 | 1886.0 |
  Orcish Mines |   2091 |   1980 |    111 |    467 |    978 |   2 | 1045.5 |
         Trove |     68 |     68 |      0 |      0 |      0 |   1 |   68.0 |
        Bailey |    746 |    746 |      0 |    198 |      0 |   1 |  746.0 |
               +--------+--------+--------+--------+--------+-----+--------+

Top non-repeatable levels by time:
  Lair:1: 2707 daAuts
  Lair:5: 2007 daAuts
  Lair:4: 1956 daAuts
    D:14: 1596 daAuts
    D:13: 1408 daAuts
  Lair:3: 1407 daAuts
  Lair:2: 1351 daAuts
     D:7: 1249 daAuts
   Orc:1: 1095 daAuts
     D:3: 1085 daAuts
     D:1: 1084 daAuts
   Orc:2: 995 daAuts
    D:11: 972 daAuts
     D:9: 966 daAuts
     D:2: 884 daAuts
